AoeStats
← El Fantasma de Pancho Villa

Lombardia

507988913Analyzed
4v4 RM · 12d ago on Sep 20, 2026· 47m 41s· 8 players
Game mode
Random Map
Map size
Large (8 player)
Population
200
Speed
Normal
Resources
Standard
Victory
Conquest
Starting age
Dark Age
Ending age
Imperial Age
RankedLock teamsTeams togetherTeam positionsShared explorationLock speedFull tech treeHidden civsTurbo modeCheats
Victory
Defeat
🇪🇸 Berbers · Spain
1268
+16
🇫🇷 Malians · France
1202
+19
🇫🇷 Mongols · France
1147
+21
🇺🇸 Franks · United States
1114
+22
🇮🇳 Dravidians · India
1343
-22
🇧🇪 Magyars · Belgium
1315
-22
🇬🇧 Huns · United Kingdom
1281
-20
🇮🇳 Berbers · India
1125
-14
Rpt
3:26 Loom
13:40 Feudal Age
19:07 Castle Age
21:53 Horse Collar
23:07 Heavy Plow
22:55 Double-Bit Axe
23:14 Stone Mining
25:23 Stone Shaft Mining
27:10 Wheelbarrow
26:23 Town Watch
29:07 Hand Cart
33:16 Town Patrol
36:27 Imperial Age
34:09 Forging
36:17 Iron Casting
35:47 Scale Barding Armor
35:46 Husbandry
35:57 Bloodlines
36:34 Cavalier
37:16 Farimba
37:37 Conscription
38:21 Chain Barding Armor
40:11 Plate Barding Armor
39:45 Caravan
atilaalmogaver
9:45 Loom
12:01 Feudal Age
16:59 Castle Age
15:00 Double-Bit Axe
16:01 Padded Archer Armor
15:53 Fletching
16:12 Gold Mining
18:15 Bodkin Arrow
22:24 Husbandry
23:11 Leather Archer Armor
24:14 Bloodlines
26:17 Ballistics
31:58 Caravan
38:50 Imperial Age
37:26 Wheelbarrow
39:31 Bracer
40:35 Chemistry
39:54 Town Watch
40:47 Conscription
42:07 Ring Archer Armor
45:26 Maghrebi Camels
El Fantasma de Pancho Villa
12:10 Feudal Age
16:50 Castle Age
15:23 Scale Barding Armor
16:15 Forging
21:40 Wheelbarrow
21:51 Gold Mining
24:08 Chain Barding Armor
27:06 Iron Casting
27:31 Husbandry
31:20 Gold Shaft Mining
31:35 Hand Cart
33:33 Light Cavalry
34:04 Double-Bit Axe
34:13 Stone Mining
35:29 Bow Saw
41:29 Imperial Age
42:54 Plate Barding Armor
43:20 Blast Furnace
41:57 Cavalier
44:02 Chivalry
44:24 Conscription
ravi0licru
6:42 Loom
9:06 Feudal Age
10:19 Double-Bit Axe
13:05 Forging
15:09 Scale Barding Armor
17:59 Loom
18:29 Bloodlines
22:16 Castle Age
20:05 Horse Collar
22:48 Fletching
22:59 Padded Archer Armor
23:00 Gold Mining
23:55 Bodkin Arrow
24:33 Bow Saw
24:44 Town Watch
25:34 Wheelbarrow
27:03 Ballistics
26:55 Stone Mining
27:50 Husbandry
28:42 Gold Shaft Mining
29:18 Leather Archer Armor
30:52 Thumb Ring
38:32 Imperial Age
36:28 Masonry
36:14 Murder Holes
38:18 Heavy Plow
39:23 Elite Mangudai
40:24 Conscription
40:52 Bracer
42:08 Chemistry
42:31 Hand Cart
43:55 Light Cavalry
45:21 Stone Shaft Mining
45:27 Hoardings
Alotta Fagina
11:30 Feudal Age
13:11 Loom
16:31 Castle Age
14:34 Double-Bit Axe
14:40 Gold Mining
16:11 Fletching
17:51 Bow Saw
23:43 Ballistics
26:08 Bodkin Arrow
26:34 Horse Collar
28:11 Padded Archer Armor
31:35 Bloodlines
32:25 Leather Archer Armor
32:57 Husbandry
33:48 Thumb Ring
39:10 Imperial Age
40:21 Parthian Tactics
39:48 Heavy Cavalry Archer
41:27 Bracer
42:30 Chemistry
41:02 Elite Genitour
44:52 Wheelbarrow
LanaAio
7:29 Loom
9:30 Feudal Age
13:11 Double-Bit Axe
19:50 Horse Collar
26:35 Castle Age
28:18 Bloodlines
28:09 Husbandry
36:11 Fletching
42:38 Heavy Plow
43:46 Wheelbarrow
43:55 Gold Mining
48:58 Imperial Age
FireFrog
6:29 Loom
9:29 Feudal Age
10:56 Double-Bit Axe
14:04 Fletching
22:27 Castle Age
21:13 Horse Collar
21:27 Gold Mining
22:09 Padded Archer Armor
23:03 Bodkin Arrow
23:24 Leather Archer Armor
24:15 Bow Saw
27:59 Gold Shaft Mining
28:27 Ballistics
30:09 Thumb Ring
32:38 Wheelbarrow
32:37 Bloodlines
32:27 Husbandry
36:54 Stone Mining
44:16 Imperial Age
44:28 Imperial Age
Pinkman2164
11:38 Feudal Age
12:37 Double-Bit Axe
15:21 Castle Age
19:59 Horse Collar
23:11 Loom
27:22 Wheelbarrow
26:58 Bow Saw
26:50 Heavy Plow
26:29 Pikeman
31:16 Imperial Age
28:52 Fletching
29:03 Padded Archer Armor
30:14 Scale Mail Armor
30:10 Bodkin Arrow
31:45 Forging
31:51 Chain Mail Armor
31:17 Halberdier
33:46 Leather Archer Armor
33:31 Bracer
35:17 Ring Archer Armor
35:24 Iron Casting
35:21 Hand Cart
36:15 Conscription
35:18 Elite Elephant Archer
36:07 Medical Corps
36:35 Thumb Ring
37:57 Plate Mail Armor
37:39 Siege Elephant
39:05 Squires
38:51 Arson
43:27 Elite Skirmisher
Connection lost

Rejoining the realm…

Still unreachable

The connection could not be restored.

Session expired

The server has moved on; the page needs a fresh start.